Map: Port Aleksander LE

Players

Cham - Winner!

  • Race: Zerg Zerg
  • League: Master
  • Spawn Location: 5:00

puCK (Nina)

  • Race: Protoss Protoss
  • League: Grandmaster
  • Spawn Location: 11:00

Event: 2019 WCS Winter Americas

VOD

Have the link to the VOD?

Description

Time

  • Played on: March 23, 2019, 1:30 p.m.
  • Length: 10:04

All games in this series

Show
View Real Time Build Order
Export as new Build Order

Cham Zerg - Winner!

Build Orders: Hatch First 

Get SALT Encoding   

  12  0:00  Drone  
  13  0:08  Drone  
  14  0:17  Overlord  
  14  0:36  Drone x2  
  16  0:48  Hatchery  
  15  0:52  Drone  
  15  0:56  Drone  
  17  0:59  Drone  
  18  1:09  Extractor  
  17  1:14  Spawning Pool  
  17  1:18  Drone  
  17  1:21  Drone  
  18  1:30  Drone  
  19  1:42  Drone  
  20  1:52  Overlord  
  20  2:02  Queen x2  
  20  2:04  Zergling x4  
  26  2:11  Metabolic Boost  
  26  2:14  Drone  
  27  2:15  Drone  
  28  2:23  Drone  
  29  2:36  Hatchery  
  28  2:40  Drone  
  28  2:41  Drone  
  30  2:44  Drone  
  30  2:49  Queen  
  33  2:54  Overlord  
  33  3:01  Zergling x4  
  33  3:04  Drone  
  36  3:13  Drone x3  
  36  3:18  Overlord  
  36  3:19  Drone x3  
  42  3:22  Drone  
  42  3:24  Drone  
  44  3:33  Overlord  
  44  3:35  Queen  
  44  3:38  Overlord  
  44  3:39  Drone  
  47  3:47  Queen  
  49  3:49  Drone  
  49  3:56  Drone x2  
  49  3:59  Drone x5  
  56  4:03  Spore Crawler  
  56  4:06  Zergling x2  
  56  4:08  Drone x2  
  58  4:11  Overlord  
  58  4:15  Drone  
  59  4:17  Zergling x4  
  59  4:23  Roach Warren  
  60  4:26  Zergling x2  
  60  4:27  Zergling x4  
  62  4:34  Overlord  
  62  4:35  Drone x2  
  64  4:40  Drone x3  
  64  4:44  Overlord, Lair  
  65  4:46  Drone  
  65  4:50  Drone x3  
  69  4:54  Extractor  
  69  4:55  Extractor, Drone x2  
  69  4:56  Extractor, Drone  
  69  5:00  Drone  
  69  5:01  Drone x3  
  69  5:04  Overlord  
  73  5:09  Zergling x2  
  75  5:14  Drone x4  
  75  5:17  Overlord  
  75  5:21  Overlord  
  78  5:25  Overlord x2  
  78  5:31  Extractor  
  78  5:32  Extractor  
  78  5:33  Drone x2  
  78  5:34  Drone x3  
  81  5:37  Drone  
  82  5:43  Drone x2  
  82  5:46  Glial Reconstitution  
  82  5:48  Overlord, Evolution Chamber  
  83  5:51  Hatchery  
  83  5:52  Drone  
  83  5:53  Drone x2  
  83  5:55  Roach  
  87  5:58  Roach  
  87  5:59  Roach  
  87  6:03  Overlord  
  94  6:04  Roach x2  
  94  6:08  Overlord  
  94  6:10  Roach x2  
  98  6:15  Roach x2  
  98  6:16  Roach  
  102  6:23  Drone, Nydus Network  
  102  6:24  Roach  
  104  6:26  Roach  
  104  6:27  Roach  
  104  6:28  Roach  
  104  6:30  Roach  
  104  6:32  Zerg Missile Weapons Level 1  
  112  6:35  Roach x2  
  112  6:37  Roach  
  112  6:39  Roach  
  120  6:42  Roach x2  
  120  6:46  Roach x2  
  128  6:49  Overlord  
  128  6:52  Overlord  
  128  6:53  Roach  
  128  6:54  Roach  
  132  6:56  Overlord  
  132  6:58  Roach  
  132  6:59  Roach  
  136  7:05  Nydus Canal  
  136  7:08  Overlord, Roach  
  134  7:09  Roach x2  
  134  7:12  Roach  
  134  7:13  Roach x2  
  141  7:17  Roach x2  
  141  7:18  Roach  
  141  7:20  Nydus Canal  
  141  7:22  Roach x2  
  142  7:24  Roach  
  142  7:26  Roach  
  144  7:31  Roach x3  
  144  7:35  Roach  
  138  7:39  Roach x2  
  138  7:40  Roach  
  138  7:43  Nydus Canal  
  142  7:47  Roach x2  
  146  7:52  Roach x2  
  146  7:53  Roach x2  
  146  7:54  Roach  
  146  7:56  Roach  
  146  7:57  Nydus Canal  
  154  8:02  Roach x2  
  148  8:05  Roach  
  148  8:06  Overlord  
  148  8:07  Roach x2  
  148  8:08  Roach x2  
  148  8:10  Nydus Canal  
  146  8:14  Roach x3  
  146  8:18  Infestation Pit  
  147  8:24  Nydus Canal  
  147  8:26  Roach x5  
  157  8:27  Overlord  
  157  8:35  Burrow  
  157  8:43  Roach x7  
  157  8:47  Nydus Canal  
  171  8:48  Roach x3  
  171  8:50  Ravager x3  
  171  8:51  Ravager x2  
  171  8:53  Ravager  
  181  8:55  Roach  
  181  8:59  Nydus Canal  
  155  9:10  Roach x9  
  155  9:14  Nydus Canal, Roach  
  155  9:15  Roach  
  177  9:18  Roach x2  
  177  9:23  Roach x2  
  185  9:26  Roach x2  
  185  9:30  Roach x2  
  191  9:35  Roach  
  183  9:54  Nydus Canal  
Show
View Real Time Build Order
Export as new Build Order

puCK Protoss 

Build Orders: 1 Gate Expand, Oracle Opening, Phoenix Opening, Archon Immortal 

Get SALT Encoding   

  12  0:00  Probe  
  13  0:12  Probe  
  14  0:19  Pylon  
  14  0:24  Probe  
  15  0:29  Assimilator  
  15  0:37  Probe  
  16  0:45  Probe, Gateway  
  17  0:53  Probe  
  17  1:04  Probe  
  19  1:16  Probe  
  20  1:30  Nexus  
  20  1:37  Cybernetics Core  
  20  1:42  Probe  
  22  1:54  Probe  
  22  1:57  Pylon  
  22  1:59  Assimilator  
  22  2:05  Adept  
  22  2:06  Probe  
  25  2:18  Stargate  
  25  2:20  Probe  
  26  2:27  Adept  
  26  2:28  Warp Gate  
  26  2:32  Probe  
  27  2:42  Probe  
  30  2:44  Probe  
  30  2:50  Gateway  
  31  2:54  Probe  
  31  2:56  Probe  
  33  2:59  Phoenix  
  33  3:07  Probe  
  33  3:09  Probe  
  37  3:16  Pylon  
  37  3:19  Probe  
  38  3:20  Oracle  
  38  3:21  Adept  
  38  3:24  Probe  
  41  3:33  Probe  
  45  3:37  Probe  
  45  3:39  Adept  
  48  3:45  Probe  
  48  3:48  Pylon  
  49  3:49  Probe  
  50  3:57  Probe  
  50  4:00  Oracle  
  54  4:06  Probe  
  55  4:10  Probe  
  56  4:18  Adept x2  
  56  4:19  Probe  
  56  4:21  Pylon  
  61  4:26  Nexus  
  61  4:32  Pylon  
  61  4:35  Probe  
  62  4:39  Probe  
  62  4:44  Adept x2  
  67  4:47  Probe, Assimilator x2  
  68  4:54  Probe  
  68  4:59  Probe  
  70  5:03  Robotics Facility  
  70  5:04  Robotics Facility  
  70  5:06  Probe  
  71  5:11  Probe  
  72  5:16  Pylon  
  72  5:19  Probe  
  73  5:23  Probe  
  73  5:25  Pylon  
  74  5:29  Pylon  
  74  5:31  Probe  
  74  5:33  Twilight Council  
  74  5:34  Forge  
  75  5:35  Probe  
  75  5:40  Probe, Pylon  
  75  5:42  Zealot  
  79  5:43  Probe  
  79  5:46  Immortal  
  79  5:47  Probe, Zealot  
  79  5:48  Observer  
  83  5:52  Probe  
  89  5:57  Probe  
  89  6:02  Probe  
  91  6:04  Probe  
  91  6:10  Probe  
  93  6:12  Immortal  
  93  6:14  Probe  
  93  6:16  Probe  
  97  6:21  Immortal  
  97  6:22  Probe  
  98  6:27  Probe, Assimilator  
  98  6:28  Probe  
  98  6:29  Protoss Ground Weapons Level 1, Assimilator  
  98  6:30  Charge  
  106  6:43  Templar Archives  
  106  6:44  Gateway  
  106  6:45  Zealot x2  
  108  6:49  Oracle  
  108  6:50  Gateway  
  111  6:58  Immortal  
  111  6:59  Probe  
  116  7:03  Probe  
  117  7:12  Photon Cannon  
  117  7:13  Zealot x2  
  121  7:18  Gateway  
  113  7:26  Phoenix  
  113  7:34  Immortal  
  107  7:37  Probe  
  100  7:44  Immortal  
  100  7:45  Zealot x2  
  100  7:46  Zealot x2  
  110  8:16  Nexus  
  110  8:18  Pylon x2  
  110  8:23  Pylon  
  110  8:24  Pylon  
  110  8:30  Pylon  
  110  8:35  Pylon  
  110  8:37  Immortal x2  
  115  8:45  High Templar  
  115  8:46  High Templar x3  
  123  8:48  Pylon  
  123  8:51  Zealot  
  125  8:56  Probe  
  125  9:06  Archon x2  
  115  9:16  Immortal x2  
  120  9:22  Zealot x3  
  120  9:23  Zealot x2  
  124  9:37  Pylon  
  124  9:38  Pylon  
  122  9:43  Zealot x4  
Tags
 
Add a new tag
Caveats
  • Supply blocks, unpowered buildings, or Contaminate may cause inaccurate times.
  • Supply counts are checked every 10 seconds.